 Dungeon Crawl Stone Soup version 0.26-a0-812-g31a745ddcd (webtiles) character file.

Game seed: 252658073063211671

93 kae the Chopper (level 4, 0/40 HPs)
             Began as a Hill Orc Abyssal Knight on Dec 10, 2020.
             Was a Believer of Lugonu.
             Slain by a worker ant (5 damage)
             ... on level 4 of the Dungeon.
             The game lasted 00:01:00 (2735 turns).

kae the Chopper (Hill Orc Abyssal Knight)           Turns: 2735, Time: 00:01:01

Health: 0/40       AC:  3    Str: 15    XL:     4   Next: 61%
Magic:  6/6        EV: 11    Int: 12    God:    Lugonu [**....]
Gold:   105        SH:  0    Dex: 10    Spells: 3/3 levels left

rFire    . . .     SeeInvis .   a - +1 hand axe
rCold    . . .     Faith    .   (no shield)
rNeg     . . .     Spirit   .   b - +0 leather armour
rPois    .         Reflect  .   (no helmet)
rElec    .         Harm     .   (no cloak)
rCorr    .         Rampage  .   (no gloves)
MR       .....                  (no boots)
Stlth    +.........             (no amulet)
HPRegen  0.13/turn              (no ring)
MPRegen  0.10/turn              (no ring)

@: lethally poisoned (0 -> -9)
A: no striking features
a: Depart the Abyss, Bend Space, Renounce Religion


You were on level 4 of the Dungeon.
You worshipped Lugonu.
Lugonu was pleased with you.
You visited 1 branch of the dungeon, and saw 4 of its levels.
You visited the Abyss 1 time.

You collected 105 gold pieces.

Inventory:

Hand Weapons
 a - a +1 hand axe (weapon)
Armour
 b - a +0 leather armour (worn)
Jewellery
 k - an uncursed amulet of reflection {unknown}
Scrolls
 d - 3 scrolls of identify {unknown}
 e - 2 scrolls of teleportation {unknown}
 h - 5 scrolls of remove curse {unknown}
 i - a scroll of fear {unknown}
 j - a scroll of enchant weapon {unknown}
Potions
 c - 2 potions of attraction {unknown}
 f - a potion of degeneration {unknown}
 g - a potion of heal wounds {unknown}


   Skills:
 + Level 4.1 Fighting
 * Level 4.2 Axes
 + Level 2.9 Armour
 + Level 1.4 Dodging
 + Level 3.2 Invocations


You had 3 spell levels left.
You didn't know any spells.
Your spell library was empty.

Dungeon Overview and Level Annotations

Branches:
Dungeon (4/15)
 Temple: D:4-7

Altars:
Trog

Annotations:
D:4 1 runed translucent door, PanSaczeczos's ghost, novice KoAM


Message History

The worker ant is severely wounded.
You feel sick.
The worker ant bites you but does no damage.
You hit the worker ant but do no damage.
The worker ant is severely wounded.
You feel sick. The worker ant bites you.
* * * LOW HITPOINT WARNING * * *
You are lethally poisoned!
The worker ant poisons you!
You hit the worker ant but do no damage.
The worker ant is severely wounded.
* * * LOW HITPOINT WARNING * * *
You feel sick. The worker ant bites you.
* * * LOW HITPOINT WARNING * * *
The worker ant bites you but does no damage.
You hit the worker ant.
The worker ant is severely wounded.
* * * LOW HITPOINT WARNING * * *
You feel sick. The worker ant bites you.
You die...

...........#
...........#
...........#
..........#
........).#
######....)######.
#....#..(.).......
#....#............
#....@............
##..B#...........#
#...#...........#
#...+...........#
#...#...<<.......
#...#.....######.
#...#.....+
#...#.....#
#.....#


You could see a worker ant.

Vanquished Creatures
  A worker ant (D:4)
  A gnoll (D:1)
  An adder (D:3)
  An ooze (D:1)
  A leopard gecko (D:1)
  3 orcs (D:4)
  5 giant cockroaches
  5 goblins
  3 hobgoblins
  2 jackals (D:3)
  A quokka (D:3)
  3 bats
  5 frilled lizards
  5 kobolds
  6 rats
43 creatures vanquished.

Notes
Turn   | Place    | Note
-------+----------+-------------------------------------------
     0 | Abyss:1  | kae the Hill Orc Abyssal Knight began the quest for the
                  | Orb.
     0 | Abyss:1  | Reached XP level 1. HP: 19/19 MP: 2/2
     0 | Abyss:1  | Found a shimmering altar of Xom.
     0 | Abyss:1  | Found a shimmering altar of Xom.
     0 | Abyss:1  | Found a shimmering altar of Xom.
     0 | Abyss:1  | Found a shimmering altar of Xom.
     0 | Abyss:1  | Found a shimmering altar of Xom.
     1 | Abyss:1  | Found a shimmering altar of Xom.
     1 | Abyss:1  | Found a shimmering altar of Xom.
     2 | Abyss:1  | Found a shimmering altar of Xom.
     2 | Abyss:1  | Found a shimmering altar of Xom.
     2 | Abyss:1  | Found a shimmering altar of Xom.
     2 | Abyss:1  | Found a shimmering altar of Xom.
     9 | Abyss:1  | Found a corrupted altar of Lugonu.
    15 | D:1      | Escaped the Abyss
   276 | D:1      | Reached XP level 2. HP: 25/27 MP: 3/3
   303 | D:1      | Reached skill level 1 in Dodging
   501 | D:1      | Reached XP level 3. HP: 33/33 MP: 5/5
   744 | D:1      | Reached ** piety under Lugonu
  1665 | D:3      | Found a bloodstained altar of Trog.
  2129 | D:3      | Reached XP level 4. HP: 30/40 MP: 6/6
  2400 | D:4      | Found a runed translucent door.
  2402 | D:4      | Noticed PanSaczeczos's ghost (novice KoAM)
  2735 | D:4      | Slain by a worker ant

Illustrated notes

Levels and vault maps discovered:
D:1:      dpeg_arrival_refuge, layout_loops_corners
D:2:      layout_basic
D:3:      layout_loops_ring, lemuel_crystal_altar
D:4:      layout_gridville, minmay_temple_entry_junction,
          ebering_ghost_reflecting_pool

Skill      XL: |  1  2  3  4 |
---------------+-------------+-----
Axes           | 3 4 |  4.2
Dodging        | 1 |  1.4
Invocations    | 3 |  3.2
Fighting       | 4 |  4.1
Armour         | |  2.9

Action                   |  1- 3 |  4- 6 || total
-------------------------+-------+-------++-------
Melee: Hand axe          |   124 |    41 ||   165
Armor: Leather armour    |    37 |    10 ||    47
Dodge: Dodged            |    73 |    36 ||   109

Table legend: (Time is in decaauts)
 A = Elapsed time spent in this place.
 B = Non-inter-level travel time spent in this place.
 C = Inter-level travel time spent in this place.
 D = Time resting spent in this place.
 E = Time spent auto-exploring this place.
 F = Levels seen in this place.
 G = Mean time per level.
                   A        B        C        D        E       F      G
               +--------+--------+--------+--------+--------+-----+--------+
         Total |   2754 |   2642 |    112 |    100 |   2197 |   5 |  550.8 |
       Dungeon |   2739 |   2627 |    112 |    100 |   2195 |   4 |  684.8 |
         Abyss |     15 |     15 |      0 |      0 |      2 |   1 |   15.0 |
               +--------+--------+--------+--------+--------+-----+--------+

Top non-repeatable levels by time:
     D:1: 1155 daAuts
     D:3: 1081 daAuts
     D:4: 338 daAuts
     D:2: 163 daAuts
 Abyss:1: 15 daAuts
